 Dungeon Crawl Stone Soup version 0.20.1-1-g8b1a95d (webtiles) character file.

1988 tidbits the Fighter (level 8, 41/79 HPs)
             Began as a Demigod Wanderer on Aug 20, 2017.
             Quit the game on level 7 of the Dungeon.
             The game lasted 00:28:56 (2785 turns).

tidbits the Fighter (Demigod Wanderer)              Turns: 2785, Time: 00:28:57

Health: 41/79      AC:  6    Str: 13    XL:     8   Next: 70%
Magic:  7/10       EV: 13    Int: 19    God:
Gold:   248        SH:  0    Dex: 18    Spells: 7/7 levels left

rFire    + . .     SeeInvis .   y - +3 shortbow
rCold    . . .     Gourm    .   (shield currently unavailable)
rNeg     + . .     Faith    .   B - +0 ring mail
rPois    .         Spirit   +   E - +0 helmet
rElec    .         Reflect  .   (no cloak)
rCorr    .         Harm     .   (no gloves)
MR       .....                  (no boots)
Stlth    +.........             P - amulet of guardian spirit (curse)
Regen    0.3/turn               q - ring of positive energy
MPRegen  0.2/turn               u - ring of protection from fire

@: no status effects
A: high mp 1
a: no special abilities


You were on level 7 of the Dungeon.
You were not hungry.

You visited 1 branch of the dungeon, and saw 9 of its levels.

You collected 274 gold pieces.
You spent 26 gold pieces at shops.

Inventory:

Hand Weapons
 a - a +0 hand crossbow
 b - a +2 blowgun
 c - a +1 whip of freezing
   (You took it off Pikel on level 5 of the Dungeon)
 j - a +0 whip
 n - a +0 short sword
 y - a +3 shortbow (weapon)
 H - a +0 battleaxe
 J - a +0 long sword of holy wrath
   (You found it on level 5 of the Dungeon)
 L - a +1 dagger of freezing
   (You found it on level 7 of the Dungeon)
Missiles
 d - 51 bolts
 k - 92 arrows (quivered)
Armour
 f - a +0 robe
 s - a +0 buckler
 w - a +0 plate armour
 B - a +0 ring mail (worn)
 E - a +0 helmet (worn)
Jewellery
 e - an uncursed ring of fire
   (You found it on level 3 of the Dungeon)
 q - a ring of positive energy (left hand)
   (You found it on level 2 of the Dungeon)
 u - a ring of protection from fire (right hand)
   (You found it on level 4 of the Dungeon)
 P - a cursed amulet of guardian spirit (around neck)
   (You found it on level 7 of the Dungeon)
Wands
 C - a wand of scattershot (0/9)
 M - a wand of flame (31/48)
 O - a wand of flame (41/48)
Scrolls
 i - a scroll of immolation
 m - a scroll of enchant armour {unknown}
 p - a scroll of blinking
 t - a scroll of amnesia
 A - a scroll of fog
 D - a scroll of fear {unknown}
 G - a scroll of remove curse {unknown}
 K - a scroll of summoning {unknown}
Potions
 o - 2 potions of brilliance
 v - a potion of haste
 x - 2 potions of curing
 I - a potion of flight
 N - a potion of magic {unknown}
Comestibles
 g - 3 bread rations
 h - 3 royal jellies
 l - 3 meat rations
 z - 6 chunks of flesh


   Skills:
 - Level 10.0 Fighting
 - Level 1.7 Maces & Flails
 - Level 1.0 Throwing
 - Level 1.7 Armour
 + Level 4.8 Dodging
 - Level 1.0 Shields


You had 7 spell levels left.
You didn't know any spells.

Dungeon Overview and Level Annotations

Branches:
Dungeon (9/15)             Temple (0/1) D:4
   Lair: D:8-11         Orc: D:9-12

Shops:
D:5 *

Annotations:
D:9 hilaritas's ghost, journeyman FoFi


Innate Abilities, Weirdness & Mutations

You have an increased reservoir of magic. (+10% MP)


Message History

* * * LOW HITPOINT WARNING * * *
You closely miss the troll.
The troll is almost dead.
The troll bites you!
* * * LOW HITPOINT WARNING * * *
The troll claws you but does no damage. The troll misses you.
You whack the troll! You freeze the troll.
You kill the troll!
Your Dodging skill increases to level 4!
You barely miss the ogre. The ogre completely misses you.
You hit the ogre. You freeze the ogre.
The ogre is moderately wounded.
You hit the ogre. You freeze the ogre.
The ogre is heavily wounded.
The ogre misses you.
You whack the ogre! You freeze the ogre.
The ogre is severely wounded.
You whack the ogre! You freeze the ogre.
You kill the ogre!
Things that are here:
a giant club; an ogre corpse You butcher the ogre corpse.
You feel a strong urge to attack something.
You are no longer berserk.
You are exhausted.
You feel yourself slow down.
z - 6 chunks of flesh You see here a giant club.
Okay, then.
Unknown command.
k - 93 arrows (gained 21) Wield which item (- for none, * to show all)? (? for menu, Esc to quit)
Your +1 whip of freezing stops glowing.
a - a +0 hand crossbow (weapon)
Wield which item (- for none, * to show all)? (? for menu, Esc to quit)
b - a +2 blowgun (weapon)
Wield which item (- for none, * to show all)? (? for menu, Esc to quit)
y - a +3 shortbow (weapon)
You feel yourself speed up.
Found a scroll labeled XAOWKO JIRIA.
D - a scroll labeled XAOWKO JIRIA You recover from your berserk rage.
Found a stone staircase leading down.
There is a stone staircase leading down here.
Found a stone staircase leading up.
There is a stone staircase leading up here.
You climb upwards.
The adder hisses angrily.
The centaur shouts!
There is a stone staircase leading down here.
The adder closely misses you.
An ogre and a zombie come into view.
The ogre shouts!
The adder barely misses you.
The water moccasin zombie bites you but does no damage.
The water moccasin zombie closely misses you.
The water moccasin zombie bites you but does no damage.
The water moccasin zombie misses you.
A jelly comes into view.
An orc comes into view. It is wielding a club.
The orc warrior shouts!
The adder misses you.
Okay, then.
Unknown command.
As you read the scroll of identify, it crumbles to dust.
I - a potion of flight The orc shouts!
The adder bites you but does no damage.
An orc comes into view. It is wielding a dagger.
An orc comes into view. It is wielding a trident.
The orc shouts! x2; The orc wizard shouts!
The orc moves out of view.
The adder barely misses you.
The orc warrior hits you with a short sword.
The orc closely misses you. The orc closely misses you.
Found a stone staircase leading up.
The orc misses you.
Found a scroll of teleportation and 14 gold pieces.
The orc wizard casts a spell.
The orc wizard flickers and vanishes!
Deactivating autopickup; reactivate with Ctrl-A.
There is a stone staircase leading up here.
The orc misses you. The orc warrior barely misses you.
The orc hits you but does no damage.
You climb upwards.
There is a stone staircase leading down here.
The orc closely misses you.
There is a stone staircase leading up here.
You see here a dagger.
A leopard gecko comes into view.
The leopard gecko hisses angrily.
Firing (i - inventory):
k - 93 arrows (quivered)
Press: ? - help, Shift-Dir - straight line, f - orc
Aim: an orc, wielding a mace of protection and wearing a leather armour You shoot an arrow.
The arrow completely misses the orc warrior.
The arrow hits the orc.
The orc is severely wounded.
The orc warrior hits you with a short sword! x2
Are you sure you want to abandon this character and quit the game? (Confirm with "yes".)

####.##########.#.
#...........>.....
#.##............#.
#.###..########.#.
#.# #..# #.#. #)#
#..########.#. #o#
#..##>......## #o#
#<....#####.# #@#
##.#### ##.## #l#
#.##### #.... #.#
#.....###..## #.#
#..........## ...
#.##......... ...
#.##..###.##. ...
#.##..# #.##.
##### #.##..#
#.... .########
#.##..# ####.


You could see an orc warrior, an orc and a leopard gecko.

Vanquished Creatures
  Pikel (D:5)
  A troll (D:9)
  A hippogriff (D:7)
  A sky beast (D:5)
  An ice beast (D:7)
  2 ogres
  Blork the orc (D:5)
  3 bullfrogs
  A bullfrog zombie (D:7)
  2 crimson imps (D:7)
  4 hounds
  An orc priest (D:4)
  2 orc wizards (D:6)
  An iguana (D:5)
  3 worker ants
  The ghost of dscm the Skirmisher, a weakling DsFi (D:3)
  4 gnolls (D:4)
  A howler monkey skeleton (D:5)
  7 adders
  2 worms (D:2)
  2 dart slugs
  A leopard gecko (D:3)
  5 orcs
  6 giant cockroaches
  3 goblins
  2 hobgoblins (D:2)
  12 jackals
  A quokka (D:2)
  2 bats (D:3)
  3 frilled lizards
  5 kobolds
  A quokka skeleton (D:4)
  A quokka zombie (D:7)
  3 rats
87 creatures vanquished.

Vanquished Creatures (others)
  An iguana (D:5)
  A shadow imp (D:5)
  A giant cockroach (D:5)
3 creatures vanquished.

Grand Total: 90 creatures vanquished

Notes
Turn   | Place    | Note
-------+----------+-------------------------------------------
     0 | D:1      | tidbits the Demigod Wanderer began the quest for the Orb.
     0 | D:1      | tidbits set off with: 4 curare-tipped needles, a +2 blowgun, a +0 hand crossbow, 24 bolts, a potion of curing, a +0 robe, a bread ration
     0 | D:1      | Reached XP level 1. HP: 18/18 MP: 3/3
   148 | D:1      | Reached skill level 3 in Fighting
   227 | D:2      | Reached XP level 2. HP: 26/26 MP: 4/4
   300 | D:2      | Reached XP level 3. HP: 17/33 MP: 5/5
   397 | D:2      | Reached skill level 4 in Fighting
   570 | D:3      | Noticed dscm's ghost (weakling DsFi)
   582 | D:3      | Killed dscm's ghost
   639 | D:3      | Found an iron altar of Okawaru.
   720 | D:2      | Found an opulent altar of Gozag.
   872 | D:4      | Reached XP level 4. HP: 33/41 MP: 6/6
   954 | D:5      | Entered Level 5 of the Dungeon
   975 | D:5      | Reached skill level 5 in Fighting
  1001 | D:4      | Found a staircase to the Ecumenical Temple.
  1079 | D:4      | Reached XP level 5. HP: 48/48 MP: 7/7
  1315 | D:5      | Reached skill level 6 in Fighting
  1354 | D:5      | Noticed a slave
  1355 | D:5      | Noticed Pikel
  1355 | D:5      | Noticed a slave
  1356 | D:5      | Noticed a slave
  1357 | D:5      | Noticed a slave
  1377 | D:5      | Killed Pikel
  1377 | D:5      | Reached skill level 7 in Fighting
  1377 | D:5      | Reached XP level 6. HP: 61/61 MP: 8/8
  1377 | D:5      | Reached XP level 7. HP: 67/67 MP: 9/9
  1449 | D:4      | Reached skill level 8 in Fighting
  1649 | D:5      | Found Boonlure's General Store.
  1652 | D:5      | Bought a scroll of identify for 26 gold pieces
  1674 | D:5      | Noticed Blork the orc
  1678 | D:5      | Killed Blork the orc
  1907 | D:6      | Found a sparkling altar of Nemelex Xobeh.
  1924 | D:6      | Reached skill level 9 in Fighting
  2071 | D:6      | Noticed a yak
  2071 | D:6      | Noticed a yak
  2071 | D:6      | Noticed a yak
  2071 | D:6      | Noticed a yak
  2072 | D:6      | Noticed a yak
  2072 | D:6      | Noticed a yak
  2088 | D:7      | Noticed a hippogriff
  2097 | D:7      | Killed a hippogriff
  2097 | D:7      | Reached XP level 8. HP: 36/79 MP: 10/10
  2115 | D:7      | Reached skill level 10 in Fighting
  2253 | D:7      | Found Gipaadoihy's Antique Armour Emporium.
  2305 | D:7      | Reached skill level 2 in Dodging
  2352 | D:7      | Found a blossoming altar of Fedhas.
  2493 | D:7      | Reached skill level 3 in Dodging
  2508 | D:7      | Found a glowing silver altar of Zin.
  2644 | D:9      | Noticed hilaritas's ghost (journeyman FoFi)
  2652 | D:9      | Noticed a troll
  2670 | D:9      | Killed a troll
  2670 | D:9      | Reached skill level 4 in Dodging
  2785 | D:7      | Quit the game

Skill      XL: |  1  2  3  4  5  6  7  8 |
---------------+-------------------------+-----
Fighting       | 3 4 5 7 9 10 | 10.0
Dodging        | 4 |  4.8
Maces & Flails | |  1.7
Throwing       | |  1.0
Armour         | |  1.7
Shields        | |  1.0

Action                   |  1- 3 |  4- 6 |  7- 9 || total
-------------------------+-------+-------+-------++-------
Melee: Whip              |       |       |    10 ||    10
 Fire: Hand crossbow     |    83 |    47 |    83 ||   213
       Blowgun           |     3 |     5 |     7 ||    15
       Shortbow          |       |       |    66 ||    66
Evoke: Wand              |       |       |     1 ||     1
  Use: Potion            |     1 |       |     1 ||     2
       Scroll            |       |       |    12 ||    12
  Eat: Chunk             |       |     1 |     3 ||     4
       Fruit             |       |       |     2 ||     2
Armor: Robe              |     5 |     6 |     8 ||    19
       Ring mail         |       |       |    36 ||    36
Dodge: Dodged            |    32 |    14 |   110 ||   156

Table legend:
 A = Turns spent in this place as a percentage of turns spent in the entire game.
 B = Non-inter-level travel turns spent in this place as a percentage of non-inter-level travel turns spent in the entire game.
 C = Inter-level travel turns spent in this place as a percentage of turns spent in this place.
 D = Turns resting spent in this place as a percentage of non-inter-level travel turns spent in this place.
 E = Turns spent auto-exploring this place as a percentage of non-inter-level travel turns spent in this place.
 F = Non-inter-level travel turns spent in this place divided by the number of levels of this place that you've seen.
                   A       B       C       D       E      F
               +-------+-------+-------+-------+-------+----------------------
         Total | 100.0 | 100.0 |   0.1 |   0.0 |   0.0 | 275.4
       Dungeon | 100.0 | 100.0 |   0.1 |   0.0 |   0.0 | 275.4
               +-------+-------+-------+-------+-------+----------------------

Table legend:
 A = Kills in this place as a percentage of kills in entire the game.
 B = Kills by you in this place as a percentage of kills by you in the entire game.
 C = Kills by friends in this place as a percentage of kills by friends in the entire game.
 D = Other kills in this place as a percentage of other kills in the entire game.
 E = Experience gained in this place as a percentage of experience gained in the entire game.
 F = Experience gained in this place divided by the number of levels of this place that you have seen.
                   A       B       C       D       E      F
               +-------+-------+-------+-------+-------+----------------------
         Total | 100.0 | 100.0 |  -nan |  -nan | 100.0 | 315.7
       Dungeon | 100.0 | 100.0 |  -nan |  -nan | 100.0 | 315.7
               +-------+-------+-------+-------+-------+----------------------

Vault maps used:
D:1:      ncdulo_watergridlock, serial_corexii_hall, corexii_hall_statues_x,
          corexii_hall_statues_u, st_stairs_12, hex_intersection
D:2:      grunt_gozag_breadcrumbs
D:3:      okawaru_metal_pillars_1_2, first_bread
D:4:      temple_fountains
D:5:      serial_shops, kennysheep_mini_moat, basic_altar, uniq_pikel,
          uniq_blork_the_orc
D:6:      nemelex_xobeh_ov_fountains_minmay, elyvilon_altar_5, serial_shops,
          shop, small_statue_intersection, grunt_qazlal_clouds
D:7:      nicolae_overflow_crystal_walls, zin_scriptorium, serial_shops, shop
D:8:      overflow_temple_1_default
D:9:      lemuel_round_altar, dpeg_oklobed_lair
